 Dungeon Crawl Stone Soup version 0.22-a0-542-gce4f928 (webtiles) character file.

24 iamserjio the Charmwright (level 3, 0/18 HPs)
             Began as a Vine Stalker Skald on June 24, 2018.
             Succumbed to an adder's poison
             ... on level 3 of the Dungeon.
             The game lasted 00:03:15 (246 turns).

iamserjio the Charmwright (Vine Stalker Skald)       Turns: 246, Time: 00:03:16

Health: 0/18       AC:  3    Str: 19    XL:     3   Next: 2%
Magic:  1/7        EV: 12    Int: 14    God:
Gold:   32         SH:  0    Dex: 13    Spells: 1/6 levels left

rFire    . . .     SeeInvis .   a - +0 spear
rCold    . . .     Gourm    .   (no shield)
rNeg     . . .     Faith    .   b - +0 leather armour
rPois    .         Spirit   +   (no helmet)
rElec    .         Reflect  .   (no cloak)
rCorr    .         Harm     .   (no gloves)
MR       .....                  (no boots)
Stlth    +.........             (no amulet)
HPRegen  0.06/turn              f - +6 ring of strength
MPRegen  0.10/turn              (no ring)

@: lethally poisoned (0 -> -11), infused
A: fangs 2, magic shield, antimagic bite, no potion heal 3, rot immunity
a: no special abilities


You were on level 3 of the Dungeon.
You were not hungry.

You visited 1 branch of the dungeon, and saw 3 of its levels.

You collected 32 gold pieces.

Inventory:

Hand Weapons
 a - a +0 spear (weapon)
Armour
 b - a +0 leather armour (worn)
Jewellery
 f - a +6 ring of strength (left hand)
Scrolls
 c - a scroll of random uselessness {unknown}
 h - a scroll of enchant armour {unknown}
Comestibles
 d - a ration
 g - 3 chunks of flesh


   Skills:
 + Level 2.2 Fighting
 * Level 2.7 Polearms
 - Level 0.7 Armour
 - Level 1.5 Dodging
 - Level 2.1 Spellcasting
 - Level 3.0 Charms


You had one spell level left.
You knew the following spells:

 Your Spells              Type           Power        Failure   Level  Hunger
a - Infusion              Chrm           #...         9%          1    #......
b - Shroud of Golubria    Chrm/Tloc      #.........   22%         2    ###....
c - Song of Slaying       Chrm           #.......     12%         2    ###....

Your spell library contained the following spells:

 Spells                   Type           Power        Failure   Level  Hunger
 Regeneration             Chrm/Necr      #.........   41%         3    ###....
 Spectral Weapon          Hex/Chrm       #.......     41%         3    ###....


Dungeon Overview and Level Annotations

Branches:
Dungeon (3/15)

Altars:


Innate Abilities, Weirdness & Mutations

You have extremely sharp teeth.
When hurt, damage is shared between your health and your magic reserves.
Your bite disrupts and absorbs the magic of your enemies.
Potions cannot restore your health.
You are immune to rotting.


Message History

The adder barely misses you.
You closely miss the adder. Your bite misses the adder.
The adder misses you. x2
You miss the adder. The adder misses you. The adder bites you.
* * * LOW HITPOINT WARNING * * *
You are lethally poisoned!
The adder poisons you!
* * * LOW HITPOINT WARNING * * *
You feel sick.
It was a potion of heal wounds.
That seemed strangely inert.
The adder bites you. The adder barely misses you.
Casting: Shroud of Golubria (safe; 22% risk of failure)
Confirm with . or Enter, or press ? or * to list all spells.
You begin infusing your attacks with magical energy.
The adder bites you.
* * * LOW HITPOINT WARNING * * *
You are more poisoned.
The adder poisons you!
You miss the adder. Your bite misses the adder.
You die...

## # # .#
.#. .# #.#
.# #.##.##
#.#@..##
#lS#.#.###
##..#......
#.)<....#
#..#....#
#.......#
#..####....
#... .###
#..# .


You could see an adder and a frilled lizard.

Vanquished Creatures
  A worm (D:2)
  2 dart slugs (D:1)
  A giant cockroach (D:1)
  2 goblins
  5 hobgoblins
  A quokka (D:2)
  A frilled lizard (D:2)
  2 kobolds
  A rat (D:2)
16 creatures vanquished.

Notes
Turn   | Place    | Note
-------+----------+-------------------------------------------
     0 | D:1      | iamserjio the Vine Stalker Skald began the quest for the Orb.
     0 | D:1      | Reached XP level 1. HP: 11/11 MP: 4/4
    68 | D:1      | Reached XP level 2. HP: 4/15 MP: 1/6
   151 | D:2      | Learned a level 2 spell: Shroud of Golubria
   154 | D:2      | Learned a level 2 spell: Song of Slaying
   221 | D:2      | Reached XP level 3. HP: 6/18 MP: 5/7
   246 | D:3      | Succumbed to an adder's poison

Vault maps used:
D:1:      minmay_arrival_stair_chambers
D:2:      first_ration
D:3:      cheibrodos_old_hovel, chequers_ecumenical_altar_lobes,
          minmay_ogre_servants

Skill      XL: |  1 |
---------------+----+-----
Polearms       | 2 |  2.7
Fighting       | 2 |  2.2
Armour         | |  0.7
Dodging        | |  1.5
Spellcasting   | |  2.1
Charms         | |  3.0

Action                   || total
-------------------------++-------
Melee: Spear             ||    64
       Bite              ||    16
 Cast: Shroud of Golubri ||     2
       Infusion          ||     1
  Use: Potion            ||     1
Armor: Leather armour    ||     4
Dodge: Dodged            ||    26

Table legend:
 A = Spawn XP
 B = Non-spawn XP
 C = Spawn XP percentage of total XP
 D = Spawn monster count
 E = Non-spawn monster count
 F = Spawn count percentage of total count
 G = Total turns spent on level
                    A         B        C        D         E        F      G
               +---------+---------+-------+---------+---------+-------+---------
         Total |       0 |      35 |   0.0 |       0 |      16 |   0.0 |   246
               +---------+---------+-------+---------+---------+-------+---------
           D:1 |       0 |      19 |   0.0 |       0 |       8 |   0.0 |   120
           D:2 |       0 |      15 |   0.0 |       0 |       7 |   0.0 |   112
           D:3 |       0 |       1 |   0.0 |       0 |       1 |   0.0 |    14
               +---------+---------+-------+---------+---------+-------+---------
